 Dungeon Crawl Stone Soup version 0.20.1-1-g8b1a95d (webtiles) character file.

13636 galech the Grappler (level 11, 0/102 HPs)
             Began as a Troll Monk on Aug 25, 2017.
             Was a High Priest of Okawaru.
             Slain by an orc warlord
             ... wielding a +0 long sword
              (23 damage)
             ... on level 10 of the Dungeon.
             The game lasted 00:17:18 (8094 turns).

galech the Grappler (Troll Monk)                    Turns: 8094, Time: 00:17:19

Health: 0/102      AC: 10    Str: 24    XL:     11   Next: 78%
Magic:  9/10       EV: 15    Int:  6    God:    Okawaru [*****.]
Gold:   669        SH:  0    Dex: 12    Spells: 10/10 levels left

rFire    . . .     SeeInvis .     - Unarmed
rCold    . . .     Gourm    +   (no shield)
rNeg     . . .     Faith    .   y - +0 troll leather armour {Purgy}
rPois    .         Spirit   .   Q - +2 hat
rElec    .         Reflect  .   A - scarf {cloud immunity}
rCorr    .         Harm     .   (gloves unavailable)
MR       +....                  (boots unavailable)
Stlth    ++++......             (no amulet)
Regen    1.1/turn               p - ring of protection from magic
MPRegen  0.2/turn               (no ring)

@: heroism
A: unfitting armour, claws 3, fast metabolism 3, gourmand, regeneration 1,
shaggy fur 1, tough skin 2
a: Heroism, Finesse, Renounce Religion


You were on level 10 of the Dungeon.
You worshipped Okawaru.
Okawaru was extremely pleased with you.
You were very full.

You visited 2 branches of the dungeon, and saw 11 of its levels.
You also visited: Sewer.

You collected 735 gold pieces.
You spent 66 gold pieces at shops.

Inventory:

Armour
 y - a +0 troll leather armour (worn) {Purgy}
 A - a scarf of cloud immunity (worn)
 D - a +2 robe of positive energy
 Q - a +2 hat (worn)
Jewellery
 p - a ring of protection from magic (left claw)
 U - a cursed ring of teleportation {unknown}
Wands
 q - a wand of enslavement (21/24)
 F - a wand of digging (12/24)
 G - a wand of flame (29/48)
 M - a wand of random effects (20/48)
 O - a wand of scattershot (5/9)
 P - a wand of disintegration (7/24)
Scrolls
 c - 3 scrolls of enchant armour {unknown}
 e - 4 scrolls of remove curse
 g - 3 scrolls of recharging
 i - 3 scrolls of blinking {unknown}
 j - 3 scrolls of enchant weapon {unknown}
 o - a scroll of random uselessness
 r - 5 scrolls of teleportation {unknown}
 s - a scroll of magic mapping
 t - a scroll of brand weapon
 u - a scroll of noise
 v - 3 scrolls of amnesia
 H - a scroll of acquirement {unknown}
 L - a scroll of fear {unknown}
 T - a scroll of summoning {unknown}
Potions
 a - a potion of ambrosia {unknown}
 d - 8 potions of heal wounds {unknown}
 k - a potion of degeneration {unknown}
 l - 7 potions of curing
 m - 2 potions of agility {unknown}
 w - a potion of magic {unknown}
 x - 3 potions of flight {unknown}
 z - a potion of might {unknown}
 B - a potion of lignification {unknown}
 C - a potion of resistance {unknown}
 K - a potion of cancellation {unknown}
 N - a potion of haste
Books
 E - a book of Misfortune

   Spells                             Type                      Level
   a - Confusing Touch                Hexes                        1
   b - Confuse                        Hexes                        3
   c - Gell's Gravitas                Translocation                3
   d - Petrify                        Transmutation/Earth          4
   e - Metabolic Englaciation         Hexes/Ice                    5
   f - Yara's Violent Unravelling     Hexes/Transmutation          5
 I - a Young Poisoner's Handbook

   Spells                             Type                      Level
   a - Sting                          Conjuration/Poison           1
   b - Poisonous Vapours              Poison/Air                   2
   c - Mephitic Cloud                 Conjuration/Poison/Air       3
   d - Olgreb's Toxic Radiance        Poison                       4
   e - Venom Bolt                     Conjuration/Poison           5
 J - a book of Changes

   Spells                             Type                      Level
   a - Beastly Appendage              Transmutation                1
   b - Sticks to Snakes               Transmutation                2
   c - Spider Form                    Transmutation/Poison         3
   d - Ice Form                       Ice/Transmutation            4
   e - Blade Hands                    Transmutation                5
Comestibles
 b - 9 bread rations
 h - 4 royal jellies
 n - 7 meat rations
 R - 9 chunks of flesh
 S - 4 fruits


   Skills:
 + Level 5.1(10.1) Fighting
 + Level 4.7(9.7) Armour
 + Level 6.0(11.0) Dodging
 + Level 4.2(9.2) Stealth
 + Level 14.4(19.4) Unarmed Combat
 + Level 0.8 Invocations


You had 10 spell levels left.
You didn't know any spells.

Dungeon Overview and Level Annotations

Branches:
Dungeon (10/15)            Temple (0/1) D:7             Orc (1/2) D:10
   Lair: D:8-11

Altars:
Cheibriados
Kikubaaqudgha
Okawaru
Ru
Sif Muna
Vehumet
Yredelemnul
Zin

Shops:
D:7 *


Innate Abilities, Weirdness & Mutations

You are too large for most types of armour.
You have claws for hands.
Your metabolism is lightning-fast.
You like to eat raw meat.
Your natural rate of healing is unusually fast.
You are covered in fur. (AC +1)
You have very tough skin. (AC +2)


Message History

The orc warlord is heavily wounded.
The orc warlord misses you.
You scratch the orc warlord but do no damage.
The orc warlord is heavily wounded.
You scratch the orc warlord but do no damage.
The orc warlord is heavily wounded.
The orc warlord hits you but does no damage.
The orc warlord blocks your attack.
You claw the orc warlord!
The orc warlord is heavily wounded.
You barely miss the orc warlord.
The orc warlord is heavily wounded.
The orc warlord hits you with a long sword.
* * * LOW HITPOINT WARNING * * *
The orc warlord blocks your attack.
The orc warlord is heavily wounded.
You scratch the orc warlord but do no damage.
You claw the orc warlord!
The orc warlord is heavily wounded.
The orc warlord hits you with a long sword!!
You die...

#.# #.##.....## ########## #.#
#.#.8...8.## #.# #..........##
#.# #.8...<...8.# #)#
##.........## #)# ##.8...8.##
#.# ##......# #.# ##..o))#
########### #)##### ####@##
#.........# .)....# ###
#.###.###.# ......# #...#...#†#
......# ###.###.#.# ......#
#.#.#...#.# ......# #.#.#.###.#
......# #############.#...#...#
...)..####..)....)...'.#####.###
......'....###########.....#...#


You could see an orc warlord.

Vanquished Creatures
  Erica (D:8)
  7 two-headed ogres
  Sonja (D:10)
  Pikel (D:8)
  An orc knight (D:10)
  Joseph (D:8)
  Prince Ribbit (D:5)
  A hornet (D:9)
  A spriggan (D:9)
  A wyvern (D:9)
  A steam dragon (D:10)
  A hungry ghost (D:10)
  The ghost of Mesmaeker13 the Charmwright, an amateur DrSk of Ashenzari (D:5)
  A warg (D:10)
  2 water moccasins
  Duvessa (D:5)
  A slave (D:8)
  Purgy (Sewer)
  9 orc warriors
  2 ice beasts
  A sky beast (D:5)
  A phantom (D:3)
  3 black bears
  6 ogres
  5 centaurs
  2 big kobolds
  9 bullfrogs
  A gnoll sergeant (D:10)
  A scorpion (D:5)
  Dowan (D:5)
  4 wights (D:9)
  2 howler monkeys
  5 crimson imps
  4 quasits
  7 jellies
  A bullfrog skeleton (D:7)
  9 orc priests
  14 orc wizards
  Terence (D:5)
  Natasha (thrice) (D:3 D:4)
  3 worker ants
  A killer bee zombie (D:5)
  8 gnolls (D:10)
  A howler monkey skeleton (D:7)
  12 adders
  An ooze (D:3)
  5 worms
  A dart slug (D:2)
  5 leopard geckos
  46 orcs
  17 bats
  10 giant cockroaches
  6 goblins
  5 hobgoblins
  5 jackals
  2 quokkas
  5 ball pythons
  5 frilled lizards
  9 kobolds
  A leopard gecko skeleton (D:8)
  A quokka skeleton (D:9)
  7 rats
272 creatures vanquished.

Vanquished Creatures (others)
  An orc (D:8)
1 creature vanquished.

Grand Total: 273 creatures vanquished

Notes
Turn   | Place    | Note
-------+----------+-------------------------------------------
     0 | D:1      | galech the Troll Monk began the quest for the Orb.
     0 | D:1      | Reached XP level 1. HP: 22/22 MP: 0/0
    76 | D:1      | Reached XP level 2. HP: 28/29 MP: 1/1
   312 | D:1      | Reached XP level 3. HP: 36/36 MP: 2/2
   884 | D:3      | Noticed a phantom
   897 | D:3      | Reached skill level 4 in Unarmed Combat
   897 | D:3      | Reached XP level 4. HP: 44/44 MP: 3/3
   940 | D:3      | Killed a phantom
   940 | D:3      | Reached XP level 5. HP: 19/52 MP: 4/4
  1028 | D:3      | Noticed Natasha
  1034 | D:3      | Killed Natasha
  1034 | D:3      | Reached skill level 5 in Unarmed Combat
  1096 | D:3      | Noticed Natasha
  1101 | D:3      | Killed Natasha
  1133 | D:3      | Found an ancient bone altar of Kikubaaqudgha.
  1135 | D:3      | Found a radiant altar of Vehumet.
  1230 | D:3      | Reached XP level 6. HP: 61/61 MP: 5/5
  1295 | D:3      | Found a glowing drain.
  1311 | Sewer    | Entered a sewer
  1387 | Sewer    | Noticed Purgy
  1397 | Sewer    | Killed Purgy
  1531 | D:3      | Reached skill level 6 in Unarmed Combat
  1645 | D:4      | Reached XP level 7. HP: 67/67 MP: 6/6
  1743 | D:4      | Noticed Natasha
  1750 | D:4      | Killed Natasha
  2015 | D:4      | Found a basalt altar of Yredelemnul.
  2205 | D:5      | Entered Level 5 of the Dungeon
  2242 | D:5      | Reached skill level 7 in Unarmed Combat
  2406 | D:5      | Noticed Terence
  2440 | D:5      | Killed Terence
  2440 | D:5      | Reached skill level 1 in Armour
  2534 | D:5      | Found a sacrificial altar of Ru.
  2534 | D:5      | Noticed Mesmaeker13's ghost (amateur DrSk)
  2569 | D:5      | Noticed Duvessa
  2572 | D:5      | Noticed Dowan
  2645 | D:5      | Killed Duvessa
  2645 | D:5      | Reached XP level 8. HP: 75/75 MP: 7/7
  2648 | D:5      | Reached skill level 8 in Unarmed Combat
  2652 | D:5      | Killed Dowan
  2775 | D:5      | Killed Mesmaeker13's ghost
  2834 | D:5      | Noticed Prince Ribbit
  2923 | D:5      | Killed Prince Ribbit
  2923 | D:5      | Reached skill level 9 in Unarmed Combat
  3210 | D:6      | Found a sacrificial altar of Ru.
  3217 | D:6      | Found a glowing silver altar of Zin.
  3246 | D:6      | Found an iron altar of Okawaru.
  3269 | D:6      | Became a worshipper of Warmaster Okawaru
  3269 | D:6      | Reached * piety under Okawaru
  3269 | D:6      | Reached ** piety under Okawaru
  3523 | D:6      | Reached XP level 9. HP: 71/83 MP: 8/8
  3907 | D:7      | Found a snail-covered altar of Cheibriados.
  4013 | D:7      | Found a staircase to the Ecumenical Temple.
  4123 | D:7      | Found Xenyn's Assorted Antiques.
  4132 | D:7      | Bought a scroll of identify for 66 gold pieces
  4209 | D:7      | Reached skill level 10 in Unarmed Combat
  4627 | D:8      | Noticed Erica
  4632 | D:8      | Killed Erica
  4632 | D:8      | Reached *** piety under Okawaru
  4632 | D:8      | Reached skill level 11 in Unarmed Combat
  4651 | D:8      | Noticed Joseph
  4769 | D:8      | Killed Joseph
  4796 | D:8      | Noticed Pikel
  4806 | D:8      | Killed Pikel
  4806 | D:8      | Reached XP level 10. HP: 92/92 MP: 9/9
  4887 | D:8      | Noticed a two-headed ogre
  4899 | D:8      | Killed a two-headed ogre
  4899 | D:8      | Reached **** piety under Okawaru
  4926 | D:8      | Noticed a two-headed ogre
  4933 | D:8      | Killed a two-headed ogre
  4933 | D:8      | Reached skill level 12 in Unarmed Combat
  5001 | D:8      | Found a deep blue altar of Sif Muna.
  5257 | D:8      | Noticed a two-headed ogre
  5263 | D:8      | Killed a two-headed ogre
  5263 | D:8      | Reached ***** piety under Okawaru
  5263 | D:8      | Reached skill level 5 in Dodging
  5742 | D:9      | Noticed a two-headed ogre
  5752 | D:9      | Killed a two-headed ogre
  5752 | D:9      | Received a gift from Okawaru
  5752 | D:9      | Reached skill level 13 in Unarmed Combat
  6010 | D:9      | Noticed a two-headed ogre
  6016 | D:9      | Reached XP level 11. HP: 84/101 MP: 10/10
  6021 | D:9      | Killed a two-headed ogre
  6604 | D:9      | Found a sacrificial altar of Ru.
  6940 | D:10     | Entered Level 10 of the Dungeon
  7064 | D:10     | Noticed Sonja
  7072 | D:10     | Killed Sonja
  7205 | D:10     | Received a gift from Okawaru
  7258 | D:10     | Noticed a two-headed ogre
  7269 | D:10     | Killed a two-headed ogre
  7506 | D:10     | Noticed a two-headed ogre
  7515 | D:10     | Killed a two-headed ogre
  7515 | D:10     | Reached skill level 14 in Unarmed Combat
  7639 | D:10     | Found a staircase to the Orcish Mines.
  7658 | Orc:1    | Entered Level 1 of the Orcish Mines
  7658 | Orc:1    | Noticed an orc knight
  7809 | D:10     | Killed an orc knight
  7809 | D:10     | Reached skill level 5 in Fighting
  8005 | Orc:1    | Noticed an orc warlord
  8012 | Orc:1    | Noticed an orc sorcerer
  8094 | D:10     | Slain by an orc warlord

Skill      XL: |  1  2  3  4  5  6  7  8  9 10 11 |
---------------+----------------------------------+-----
Unarmed Combat | 4 5 6 7 9 11 13 14 | 14.4
Dodging        | 3 4 5 6 |  6.0
Fighting       | 3 4 5 |  5.1
Stealth        | 2 3 4 |  4.2
Armour         | 1 2 3 4 |  4.7
Invocations    | |  0.8

Action                   |  1- 3 |  4- 6 |  7- 9 | 10-12 || total
-------------------------+-------+-------+-------+-------++-------
Melee: Unarmed           |   116 |    92 |   265 |   361 ||   834
       Punch             |     3 |     3 |     4 |    26 ||    36
Invok: Heroism           |       |       |     1 |     3 ||     4
  Use: Scroll            |       |       |    10 |     1 ||    11
 Stab: Sleeping          |     3 |     2 |     3 |     6 ||    14
  Eat: Chunk             |    14 |     7 |    27 |    40 ||    88
Armor: Robe              |    65 |    25 |       |       ||    90
       Troll leather arm |       |     2 |    78 |    90 ||   170
Dodge: Dodged            |    57 |    38 |   145 |   192 ||   432
